 Dungeon Crawl Stone Soup version 0.23-a0-837-ga3e6480 (webtiles) character file.

125 poirepourri the Chopper (level 4, 39/40 HPs)
             Began as a Deep Dwarf Fighter on Jan 24, 2019.
             Quit the game on level 2 of the Dungeon.
             The game lasted 00:01:15 (1165 turns).

poirepourri the Chopper (Deep Dwarf Fighter)        Turns: 1165, Time: 00:01:16

Health: 39/40      AC:  6    Str: 19    XL:     4   Next: 82%
Magic:  3/3        EV:  7    Int:  9    God:
Gold:   79         SH:  9    Dex: 13    Spells: 3/3 levels left

rFire    . . .     SeeInvis .   a - +1 war axe
rCold    . . .     Gourm    .   c - +0 shield
rNeg     . . .     Faith    .   b - +0 scale mail
rPois    .         Spirit   .   (no helmet)
rElec    .         Reflect  .   (no cloak)
rCorr    .         Harm     .   (no gloves)
MR       .....                  (no boots)
Stlth    +.........             (no amulet)
HPRegen  0.00/turn              j - ring of stealth
MPRegen  0.08/turn              (no ring)

@: non-regenerating
A: damage resistance, heal wounds, sense surroundings 1, no regeneration
a: Heal Wounds


You were on level 2 of the Dungeon.
You were not hungry.

You visited 1 branch of the dungeon, and saw 2 of its levels.

You collected 79 gold pieces.

Inventory:

Hand Weapons
 a - a +1 war axe (weapon)
Missiles
 i - a throwing net (quivered)
Armour
 b - a +0 scale mail (worn)
 c - a +0 shield (worn)
Jewellery
 j - a ring of stealth (left hand)
Scrolls
 e - a scroll of teleportation
Potions
 d - a potion of lignification {unknown}
 h - a potion of flight {unknown}


   Skills:
 - Level 2.6 Fighting
 + Level 5.6 Axes
 - Level 3.2 Armour
 - Level 3.2 Shields


You had 3 spell levels left.
You didn't know any spells.
Your spell library was empty.

Dungeon Overview and Level Annotations

Branches:
Dungeon (2/15)

Altars:
Elyvilon
Qazlal


Innate Abilities, Weirdness & Mutations

You are resistant to damage.
You can heal yourself by infusing magical energy.
You passively map a small area around you.
You do not regenerate.


Message History

You open the door.
There is an open door here.
A kobold comes into view.
A kobold is nearby!
A kobold is nearby!
The kobold shouts!
You slash the kobold!
You kill the kobold!
No target in view!
No target in view!
No target in view!
No target in view!
No target in view!
No target in view!
No target in view!
No target in view!
No target in view!
No target in view!
No target in view!
Are you sure you want to abandon this character and quit the game? (Confirm with "yes".)

............#'###### *
....#####..##.# * ,,*
....######.##.## ,*
....'..##<.....# *
....##.###..#..####.###.**
....##'####.#...........
....#.....#.#...####...
....#.....#.#...####.#
....#.....#.....@....#
#'###.....#.#÷#.."...##
....##'####...........#
....##.#.......#..#.#.#
.....#.#.......#..#.....
.......#.............###**
.....########..#..#.## *
#.##†# ####>........ *
####.# ,..##..#..#.....


There were no monsters in sight!

Vanquished Creatures
  A crimson imp (D:2)
  Jessica (D:2)
  2 oozes
  2 worms (D:2)
  2 dart slugs (D:2)
  A leopard gecko (D:2)
  2 bats (D:2)
  5 giant cockroaches (D:1)
  6 goblins
  7 hobgoblins
  4 kobolds
  A quokka (D:2)
  A ball python (D:1)
  3 frilled lizards
  8 rats
46 creatures vanquished.

Notes
Turn   | Place    | Note
-------+----------+-------------------------------------------
     0 | D:1      | poirepourri the Deep Dwarf Fighter began the quest for the
                  | Orb.
     0 | D:1      | Reached XP level 1. HP: 20/20 MP: 1/1
    44 | D:1      | Reached skill level 3 in Axes
    46 | D:1      | Reached XP level 2. HP: 27/27 MP: 2/2
   304 | D:1      | Reached XP level 3. HP: 28/33 MP: 3/3
   623 | D:1      | Reached skill level 4 in Axes
   872 | D:2      | Found a stormy altar of Qazlal.
   903 | D:2      | Found a white marble altar of Elyvilon.
   913 | D:2      | Noticed Jessica
   921 | D:2      | Killed Jessica
   921 | D:2      | Reached XP level 4. HP: 40/40 MP: 3/3
   986 | D:2      | Reached skill level 5 in Axes
  1165 | D:2      | Quit the game

Vault maps used:
D:1:      grunt_arrival_lava_bath
D:2:      elyvilon_altar_4, marbit_many_paths, uniq_jessica

Skill      XL: |  1  2  3  4 |
---------------+-------------+-----
Axes           | 3 4 5 |  5.6
Fighting       | |  2.6
Armour         | |  3.2
Shields        | |  3.2

Action                   |  1- 3 |  4- 6 || total
-------------------------+-------+-------++-------
Melee: War axe           |   114 |    21 ||   135
 Abil: Heal Wounds       |     1 |       ||     1
  Use: Scroll            |     3 |       ||     3
       Potion            |     1 |       ||     1
  Eat: Ration            |       |     1 ||     1
Armor: Scale mail        |    38 |    12 ||    50
Dodge: Dodged            |    35 |     5 ||    40
Block: Shield            |    40 |     9 ||    49

Table legend:
 A = Non-vault XP
 B = Vault XP
 C = Vault XP percentage of total XP
 D = Non-vault monster count
 E = Vault monster count
 F = Vault count percentage of total count
                 A         B        C        D         E       F
            +---------+---------+-------+---------+---------+-------
      Total |     141 |      38 |  21.2 |      44 |       2 |   4.3
            +---------+---------+-------+---------+---------+-------
        D:1 |      47 |       0 |   0.0 |      26 |       0 |   0.0
        D:2 |      94 |      38 |  28.8 |      18 |       2 |  10.0
            +---------+---------+-------+---------+---------+-------
